 Dungeon Crawl Stone Soup version 0.18-a0-5-gf1fb587 (webtiles) character file.

18 Duffy the Sneak (level 2, 0/22 HPs)
             Began as a Naga Enchanter on Oct 31, 2015.
             Hit by a stone thrown by a hobgoblin (1 damage)
             ... on level 1 of the Dungeon.
             The game lasted 00:01:02 (605 turns).

Duffy the Sneak (Naga Enchanter)                     Turns: 605, Time: 00:01:02

Health: 0/22       AC:  2    Str: 10    XL:     2   Next: 66%
Magic:  5/5        EV: 10    Int: 15    God:
Gold:   16         SH:  0    Dex: 11    Spells: 2 memorised, 2 levels left

rFire  . . .     SeeInvis +     a - +1 dagger
rCold  . . .     Clarity  .     b - +1 robe
rNeg   . . .     SustAt   .     (no shield)
rPois  +         Gourm    .     (no helmet)
rElec  .         Spirit   .     (no cloak)
rCorr  .         Warding  .     (no gloves)
rMut   .         Stasis   .     (no barding)
MR     .....                    (no amulet)
Stlth  +++.......               (no ring)
                                (no ring)

@: very slow, not resistant to hostile enchantments, fairly stealthy
A: see invisible, deformed body, poison resistance, slowness 2, slow metabolism
1, spit poison 2, AC +0
a: Spit Poison


You were on level 1 of the Dungeon.
You were not hungry.

You visited 1 branch of the dungeon, and saw 1 of its levels.

You collected 16 gold pieces.


Innate Abilities, Weirdness & Mutations

You cannot wear boots.
Your serpentine skin is tough (AC +0).
You have supernaturally acute eyesight.
Armour fits poorly on your strangely shaped body.
Your system is resistant to poisons.
You cover ground very slowly.
You have a slow metabolism.
You can spit poison.


   Skills:
 + Level 2.0 Short Blades
 - Level 1.5 Dodging
 - Level 5.0 Stealth
 - Level 2.0 Spellcasting
 + Level 3.0 Hexes


You had 2 spell levels left.
You knew the following spells:

 Your Spells              Type           Power        Failure   Level  Hunger
a - Corona                Hex            ##.....      8%          1    #......
b - Ensorcelled Hibernat  Hex/Ice        #.....       17%         2    ###....

Inventory:

Hand Weapons
 a - a +1 dagger (weapon)
Missiles
 h - 2 throwing nets (quivered)
Armour
 b - a +1 robe (worn)
Potions
 e - a potion of lignification {unknown}
 f - 2 potions of brilliance {unknown}
Books
 c - a book of Maledictions
Comestibles
 d - 2 bread rations
 g - a meat ration

Dungeon Overview and Level Annotations

Branches:
Dungeon (1/15)

Altars:


Message History

The giant newt is severely wounded.
The giant newt closely misses you.
Press: ? - help, Shift-Dir - straight line, f/p - hobgoblin
Aim: a hobgoblin, wielding a club (severely wounded)
The splash of poison misses the giant newt.
The splash of poison hits the rat.
The rat is poisoned.
You kill the rat!
You feel slightly more hungry. The giant newt bites you.
You closely miss the giant newt.
The giant newt is severely wounded.
The giant newt bites you.
You closely miss the giant newt.
The giant newt is severely wounded.
The giant newt bites you.
You hit the giant newt but do no damage.
The giant newt is severely wounded.
You have got your breath back.
You closely miss the giant newt.
The giant newt is severely wounded.
The giant newt bites you but does no damage.
You hit the giant newt.
You kill the giant newt!
The hobgoblin throws a stone.
The stone misses you.
Press: ? - help, Shift-Dir - straight line, f/p - hobgoblin
Aim: a hobgoblin, wielding a club (severely wounded)
The splash of poison misses the hobgoblin.
You feel slightly more hungry.
The hobgoblin throws a stone.
The stone barely misses you.
The hobgoblin throws a stone.
The stone closely misses you.
You have got your breath back.
The hobgoblin throws a stone.
The stone hits you.
The hobgoblin throws a stone.
The stone hits you but does no damage.
You see here 2 stones.
The hobgoblin throws a stone.
The stone hits you.
You die...

#.# #.# #.# #.# K> #.#
#.# ..# #.# #.# ..#
############.####.# ...
............>.....# #.#
#####....##.......# #.#
#....##.......####.##
#....##...(.@(..†gg.#
#####....#############(.#
.........# #(.#
..†.....(# #r.#
.†.......# #g.#
.........# #..#
......#### #..# ......#
#..# ......# #..#


You could see a hobgoblin and a goblin.

Action                   || total
-------------------------++-------
Melee: Dagger            ||    32
 Abil: Spit Poison       ||    11
 Stab: Sleeping          ||     2

Notes
Turn   | Place    | Note
--------------------------------------------------------------
     0 | D:1      | Duffy the Naga Enchanter began the quest for the Orb.
     0 | D:1      | Reached XP level 1. HP: 15/15 MP: 3/3
   163 | D:1      | Reached XP level 2. HP: 8/22 MP: 5/5
   528 | D:1      | Learned a level 2 spell: Ensorcelled Hibernation
   544 | D:1      | Reached skill level 2 in Short Blades
   547 | D:1      | Reached skill level 5 in Stealth
   605 | D:1      | Hit by a stone thrown by a hobgoblin

Vault maps used:
D:1:      ldierk_walled_garden, lemuel_old_faithful

Vanquished Creatures
  An ooze
  2 hobgoblins
  A ball python
  A bat
  2 giant newts
  3 kobolds
  7 rats
  5 toadstools
22 creatures vanquished.
